 Dungeon Crawl Stone Soup version 0.30-a0-652-gcc886f7154 (webtiles) character file.

Game seed: 9689264299715185097

167 Strat the Slasher (level 5, 0/34 (41) HPs)
             Began as a Draconian Reaver on Jan 17, 2023.
             Slain by a steam dragon (2 damage)
             ... on level 4 of the Dungeon.
             The game lasted 00:05:01 (2590 turns).

Strat the Slasher (Draconian Reaver)                Turns: 2590, Time: 00:05:02

HP:   0/34 (41)     AC:  7    Str: 14    XL:     5   Next: 23%
MP:   5/8           EV: 12    Int: 13    God:
Gold: 183           SH:  0    Dex: 12    Spells: 3/8 levels left

rFire   . . .      SeeInvis .    a - +0 falchion
rCold   . . .      Faith    .    (no shield)
rNeg    . . .      Spirit   .    (body armour unavailable)
rPois   .          Reflect  .    (helmet restricted)
rElec   .          Harm     .    c - +0 cloak
rCorr   .          Rampage  .    r - +0 pair of gloves
Will    .....                    (no boots)
Stlth   +                        (no amulet)
HPRegen 0.25/turn                (no ring)
MPRegen 0.11/turn                (no ring)

@: brilliant, heavily drained
A: AC +5, unfitting armour, cold-blooded
a: no special abilities


You were on level 4 of the Dungeon.
You visited 1 branch of the dungeon, and saw 4 of its levels.

You collected 183 gold pieces.

Inventory:

Hand Weapons
 a - a +0 falchion (weapon)
 b - a +1 sling of flaming
Missiles
 n - 2 atropa-tipped darts
 x - 3 poisoned darts
Armour
 c - a +0 cloak (worn)
 r - a +0 pair of gloves (worn)
Wands
 y - a wand of flame (20)
Scrolls
 d - a scroll of torment {unknown}
 e - a scroll of immolation {unknown}
 f - 3 scrolls of amnesia {unknown}
 g - a scroll of fog {unknown}
 j - 2 scrolls of noise {unknown}
 l - 3 scrolls of identify {unknown}
 s - 2 scrolls of teleportation {unknown}
 u - 2 scrolls of vulnerability {unknown}
 w - a scroll of enchant armour {unknown}
Potions
 h - 2 potions of resistance {unknown}
 i - 2 potions of degeneration {unknown}
 k - 2 potions of mutation {unknown}
 m - 2 potions of curing {unknown}
 o - a potion of brilliance
 p - a potion of might {unknown}
 q - 2 potions of flight {unknown}
 t - 2 potions of cancellation {unknown}
 v - a potion of ambrosia {unknown}


   Skills:
 - Level 2.1 Fighting
 * Level 5.2 Long Blades
 - Level 1.7 Dodging
 - Level 2.0 Spellcasting
 + Level 4.1 Conjurations


You had 3 spell levels left.
You knew the following spells:

 Your Spells              Type           Power      Damage    Failure   Level
a - Kiss of Death         Conj/Necr      40%        2d8       11%         1
b - Momentum Strike       Conj/Tloc      20%        3d8       16%         2
c - Wereblood             Tmut           1%         N/A       36%         2

Your spell library contained the following spells:

 Spells                   Type           Power      Damage    Failure   Level
 Foxfire                  Conj/Fire      40%        2x1d6     11%         1
 Beastly Appendage        Tmut           2%         N/A       26%         1
 Summon Small Mammal      Summ           4%         N/A       26%         1
 Hailstorm                Conj/Ice       10%        3d5       32%         3
 Scorch                   Fire           2%         2d5       36%         2
 Call Canine Familiar     Summ           1%         N/A       58%         3
 Ignite Poison            Fire/Tmut/Pois 1%         N/A       58%         3
 Spider Form              Tmut/Pois      1%         N/A       58%         3
 Summon Guardian Golem    Hex/Summ       1%         N/A       58%         3
 Flame Wave               Conj/Fire      10%        2d6       71%         4
 Sticky Flame             Conj/Fire      10%        2d3       71%         4
 Animate Dead             Necr           1%         N/A       94%         4
 Borgnjor's Vile Clutch   Necr/Erth      0%         N/A       100%        5
 Death Channel            Necr           0%         N/A       100%        6
 Summon Cactus Giant      Summ           0%         N/A       100%        6
 Ignition                 Fire           0%         3d3       100%        8


Dungeon Overview and Level Annotations

Branches:
Dungeon (4/15)
 Temple: D:4-7

Altars:
Trog


Innate Abilities, Weirdness & Mutations

Your plain brown scales are hard. (AC +5)
You cannot fit into any form of body armour.
You are cold-blooded and may be slowed by cold attacks.


Message History

The jackal bites you but does no damage.
The steam dragon bites you but does no damage.
The steam dragon barely misses you. The black bear bites you.
* * * LOW HITPOINT WARNING * * *
The black bear claws you.
* * * LOW HITPOINT WARNING * * *
The black bear claws you but does no damage.
The jackal misses you.
You hit the steam dragon.
The steam dragon is almost dead.
The steam dragon closely misses you. The steam dragon misses you.
The black bear bites you but does no damage.
The black bear closely misses you. The black bear completely misses you.
The jackal bites you but does no damage.
You barely miss the steam dragon.
You tail-slap the steam dragon, but do no damage.
The steam dragon is almost dead.
The jackal closely misses you.
The steam dragon bites you but does no damage.
The steam dragon misses you.
The black bear bites you but does no damage.
The black bear claws you but does no damage.
The black bear barely misses you.
The jackal bites you but does no damage.
The steam dragon misses you. The steam dragon claws you.
* * * LOW HITPOINT WARNING * * *
The black bear closely misses you. The black bear barely misses you.
The black bear claws you.
* * * LOW HITPOINT WARNING * * *
It was a potion of brilliance.
You feel clever all of a sudden. The jackal closely misses you.
The steam dragon closely misses you. The steam dragon barely misses you.
The black bear bites you but does no damage.
The black bear claws you but does no damage. x2
You barely miss the steam dragon.
The steam dragon is almost dead.
The jackal bites you but does no damage.
The jackal barely misses you. The steam dragon bites you.
You die...

..... #######....#
.....## ##..........#
#.....## #..........##
.......###<..D......##
#....###..........##
##.....D#...>.......#
#..hg#ยงยง............#
#..8D###............#
#.hh@# ###..........#
#....8h.# #.........##
#.......# ##........#
##......# #.......##
#....... ##.......##
#...8...# #....##..#
##......# ##.#####..
#....... ### ##. ##


You could see a steam dragon (drained), a black bear, 3 jackals and a goblin.

Vanquished Creatures
  A scorpion (D:4)
  A hound (D:4)
  An adder (D:2)
  A worm (D:2)
  2 bats
  9 endoplasms
  2 giant cockroaches
  7 goblins
  8 jackals
  6 kobolds
  4 quokkas
  7 ball pythons
  15 frilled lizards
  3 rats
67 creatures vanquished.

Vanquished Creatures (others)
  6 plants (D:3)
6 creatures vanquished.

Grand Total: 73 creatures vanquished

Notes
Turn   | Place    | Note
-------+----------+-------------------------------------------
     0 | D:1      | Strat the Draconian Reaver began the quest for the Orb.
     0 | D:1      | Reached XP level 1. HP: 17/17 MP: 3/3
   164 | D:1      | Reached XP level 2. HP: 20/24 MP: 5/5
   207 | D:1      | Learned a level 2 spell: Momentum Strike
   505 | D:1      | Reached XP level 3. HP: 26/29 MP: 6/6
   783 | D:2      | Reached skill level 4 in Long Blades
  1350 | D:3      | Found a faded altar of an unknown god.
  1477 | D:3      | Learned a level 2 spell: Wereblood
  1557 | D:3      | Reached XP level 4. HP: 30/36 MP: 7/7
  1708 | D:3      | Found a bloodstained altar of Trog.
  1854 | D:3      | Got the Elucidation of the Blaze
  2313 | D:4      | Noticed a scorpion
  2323 | D:4      | Killed a scorpion
  2324 | D:4      | Reached skill level 5 in Long Blades
  2324 | D:4      | Reached XP level 5. HP: 27/41 MP: 6/8
  2486 | D:4      | Noticed a black bear
  2563 | D:4      | Noticed a steam dragon
  2588 | D:4      | HP: 1/34 [black bear (3)]
  2590 | D:4      | Slain by a steam dragon

Illustrated notes

Levels and vault maps discovered:
D:1:      ncdulo_smallfort, layout_rooms, minmay_octomino_j4
D:2:      layout_loops_ring
D:3:      layout_basic, trog_book, nicolae_ecumenical_oubliette, serial_forest,
          infiniplex_forest_corner_2, infiniplex_forest_lined_room_2,
          infiniplex_forest_split, infiniplex_forest_lined_3,
          infiniplex_forest_lined_3, infiniplex_forest_clump_double,
          infiniplex_forest_straight_2, infiniplex_forest_corner_1,
          infiniplex_forest_clump_small, minmay_lizard_king
D:4:      layout_cave_pods, serial_column_ruins, column_ruins_hut,
          column_ruins_open_small, column_ruins_columns_straight,
          column_ruins_grid_4, column_ruins_grid_1

Skill      XL: |  1  2  3  4 |
---------------+-------------+-----
Long Blades    | 4 5 |  5.2
Conjurations   | 4 |  4.1
Fighting       | |  2.1
Dodging        | |  1.7
Spellcasting   | |  2.0

Action                   |  1- 3 |  4- 6 || total
-------------------------+-------+-------++-------
Melee: Falchion          |   111 |    31 ||   142
       Tailslap          |    13 |     7 ||    20
 Fire: Sling             |    42 |    42 ||    84
 Cast: Kiss of Death     |       |     2 ||     2
       Momentum Strike   |       |     1 ||     1
Evoke: Wand              |       |     1 ||     1
  Use: Potion            |       |     1 ||     1
Armor: Skin              |    38 |    27 ||    65
Dodge: Dodged            |    99 |    57 ||   156

Table legend: (Time is in decaauts)
 A = Elapsed time spent in this place.
 B = Non-inter-level travel time spent in this place.
 C = Inter-level travel time spent in this place.
 D = Time resting spent in this place.
 E = Time spent auto-exploring this place.
 F = Levels seen in this place.
 G = Mean time per level.
                   A        B        C        D        E       F      G
               +--------+--------+--------+--------+--------+-----+--------+
         Total |   2632 |   2533 |     99 |      0 |   1918 |   4 |  658.0 |
       Dungeon |   2632 |   2533 |     99 |      0 |   1918 |   4 |  658.0 |
               +--------+--------+--------+--------+--------+-----+--------+

Top non-repeatable levels by time:
     D:3: 772 daAuts
     D:2: 726 daAuts
     D:1: 696 daAuts
     D:4: 437 daAuts
